 Dungeon Crawl Stone Soup version 0.20.1-1-g8b1a95d (webtiles) character file.

28109 TheGuigne the Fighter (level 13, -2/122 HPs)
             Began as a Hill Orc Fighter on Aug 15, 2017.
             Was a High Priest of Nemelex Xobeh.
             Slain by a six-headed hydra (12 damage)
             ... on level 5 of the Lair of Beasts.
             The game lasted 00:47:28 (17477 turns).

TheGuigne the Fighter (Hill Orc Fighter)           Turns: 17477, Time: 00:47:29

Health: -2/122     AC: 12    Str: 23    XL:     13   Next: 36%
Magic:  19/19      EV: 13    Int:  9    God:    Nemelex Xobeh [*****.]
Gold:   759        SH: 11    Dex: 10    Spells: 12/12 levels left

rFire    . . .     SeeInvis .   N - +1 whip (freeze)
rCold    . . .     Gourm    .   c - +0 shield
rNeg     . . .     Faith    .   L - +2 scale mail {rPois}
rPois    +         Spirit   .   (helmet restricted)
rElec    .         Reflect  .   e - +0 cloak
rCorr    .         Harm     .   (no gloves)
MR       .....                  (no boots)
Stlth    ..........             I - amulet of rage
Regen    0.3/turn               q - +4 ring of evasion
MPRegen  0.2/turn               p - ring of poison resistance

@: slowed, very slow
A: beak, screaming 1
a: Triple Draw, Deal Four, Stack Five, Renounce Religion, Evoke Berserk Rage


You were on level 5 of the Lair of Beasts.
You worshipped Nemelex Xobeh.
Nemelex Xobeh was extremely pleased with you.
You were hungry.

You visited 2 branches of the dungeon, and saw 13 of its levels.
You also visited: Sewer.

You collected 759 gold pieces.

Inventory:

Hand Weapons
 a - a +0 war axe
 N - a +1 whip of freezing (weapon)
Armour
 c - a +0 shield (worn)
 e - a +0 cloak (worn)
 G - a +0 plate armour
 L - a +2 scale mail of poison resistance (worn)
Jewellery
 h - an uncursed ring of protection from fire
 p - a ring of poison resistance (right hand)
 q - a +4 ring of evasion (left hand)
 I - an amulet of rage (around neck)
 R - a +2 ring of evasion
 U - an uncursed ring of stealth {unknown}
Wands
 l - a wand of lightning (8/15)
 t - a wand of random effects (17/48)
 v - a wand of confusion (34/48)
 K - a wand of disintegration (2/24)
 P - a wand of enslavement (9/24)
 T - a wand of polymorph (11/24)
 V - a wand of flame (17/48)
Scrolls
 g - 3 scrolls of blinking {unknown}
 k - 6 scrolls of enchant armour {unknown}
 n - 2 scrolls of amnesia {unknown}
 r - 3 scrolls of teleportation {unknown}
 w - a scroll of enchant weapon {unknown}
 x - 3 scrolls of fear {unknown}
 y - 3 scrolls of magic mapping
 B - 5 scrolls of remove curse {unknown}
 C - 2 scrolls of fog {unknown}
 E - a scroll of recharging
 S - a scroll of vulnerability {unknown}
Potions
 d - 2 potions of might
 j - 3 potions of heal wounds
 m - a potion of resistance {unknown}
 u - 3 potions of curing
 A - 2 potions of berserk rage {unknown}
 H - 5 potions of lignification
Books
 D - a book of Necromancy

   Spells                             Type                      Level
   a - Pain                           Necromancy                   1
   b - Animate Skeleton               Necromancy                   1
   c - Vampiric Draining              Necromancy                   3
   d - Regeneration                   Charms/Necromancy            3
   e - Animate Dead                   Necromancy                   4
   f - Control Undead                 Necromancy                   4
Miscellaneous
 b - an ornate deck of summoning {drawn: 4}
 i - a plain deck of summoning {drawn: 4}
 z - an ornate deck of summoning
 F - a plain deck of escape {drawn: 4}
 O - an ornate deck of destruction {drawn: 3}
 Q - a legendary deck of destruction
 W - a lightning rod (2/4)
 X - an ornate deck of summoning
Comestibles
 f - 4 bread rations
 o - 11 fruits
 s - 3 royal jellies
 J - 3 meat rations


   Skills:
 + Level 13.3 Fighting
 - Level 12.7 Axes
 + Level 11.3 Armour
 * Level 2.2 Dodging
 + Level 8.9 Shields
 * Level 8.8 Invocations
 * Level 8.7 Evocations


You had 12 spell levels left.
You didn't know any spells.

Dungeon Overview and Level Annotations

Branches:
Dungeon (8/15)             Temple (0/1) D:4            Lair (5/6) D:8
  Swamp (0/4) Lair:4       Spider (0/4) Lair:2
  Slime: Lair:5-6

Altars:
Ashenzari
Cheibriados
Fedhas
Kikubaaqudgha
Nemelex Xobeh
Uskayaw
Zin


Innate Abilities, Weirdness & Mutations

You have a beak for a mouth.
You occasionally shout uncontrollably at your foes.


Message History

* * * LOW HITPOINT WARNING * * *
The six-headed hydra bites you!
* * * LOW HITPOINT WARNING * * *
The six-headed hydra barely misses you.
Evoke which item? (* to show all) (? for menu, Esc to quit)
Okay, then.
Evoke which item? (* to show all) (? for menu, Esc to quit)
Aiming: Enslavement
Press: ? - help, Shift-Dir - straight line, f - six-headed hydra
Aim: a six-headed hydra (severely wounded, chance to defeat MR: 35%)
The six-headed hydra easily resists.
This wand has 9 charges left.
The wraith closely misses your basilisk.
The water moccasin bites your basilisk.
Your basilisk looks as sick as possible!
The water moccasin poisons your basilisk!
Your basilisk bites the water moccasin.
The six-headed hydra bites you but does no damage. x2
The six-headed hydra bites you!
You die...
Your body glows slightly and disappears.

. .. ...
.... ####
..... #P@##
.....W##DP##
#.Sl§P#
.......W.P##
#...P.#...#
#...PP.....#
.P.........#
...........#
#.........##


You could see a six-headed hydra, a wraith, a water moccasin and a friendly
basilisk.

Vanquished Creatures
  Josephine (Lair:5)
  2 hydras
  2 queen ants
  3 death yaks (Lair:4)
  Pikel (D:6)
  2 oklob plants (Lair:2)
  3 black mambas
  Joseph (D:7)
  15 spiny frogs
  3 komodo dragons (Lair:1)
  A polar bear (Lair:3)
  10 blink frogs
  Sigmund (D:3)
  3 hippogriffs
  25 yaks
  A wraith (Lair:5)
  3 basilisks
  2 fire bats (Lair:3)
  2 wyverns
  11 soldier ants
  5 water moccasins
  4 porcupines
  A sky beast (D:5)
  An ice beast (D:5)
  An orc warrior (D:8)
  3 black bears
  An ogre (D:7)
  A centaur (D:5)
  6 crocodiles
  A big kobold (D:7)
  16 bullfrogs
  3 scorpions
  3 electric eels
  A lava snake (Lair:3)
  2 centaur zombies (D:6)
  A jelly (D:6)
  A centaur skeleton (D:5)
  An orc priest (D:6)
  3 hounds
  A bullfrog skeleton (D:5)
  An iguana (D:4)
  An orc wizard (D:6)
  17 worker ants
  A hound zombie (D:8)
  A hound skeleton (D:7)
  7 adders
  4 river rats
  2 adder skeletons (D:4)
  2 worms (D:4)
  2 dart slugs (D:1)
  4 leopard geckos
  3 orcs
  A ball python (Sewer)
  5 bats
  6 giant cockroaches
  9 goblins
  4 hobgoblins
  16 jackals
  6 quokkas
  13 frilled lizards
  20 kobolds
  11 rats
  A fire vortex (Lair:3)
  3 fungi
  6 plants
294 creatures vanquished.

Vanquished Creatures (collateral kills)
  Urug (Lair:4)
  2 oklob plants (Lair:2)
  A rime drake (Lair:5)
  The ghost of bli the Shield-Bearer, a novice GrFi of Qazlal (D:4)
  Grinder (D:3)
  2 blink frogs
  2 redbacks (Lair:2)
  Eustachio (D:5)
  A wraith (Lair:5)
  2 yaks
  4 soldier ants (Lair:3)
  A water moccasin (Lair:1)
  A porcupine (Lair:5)
  A crocodile (Lair:5)
  2 worker ants (Lair:3)
  A fungus (Lair:5)
24 creatures vanquished.

Vanquished Creatures (others)
  5 soldier ants (Lair:3)
  A worker ant (Lair:3)
  2 ball lightnings (Lair:2)
  A leopard gecko (D:6)
  A quokka (D:6)
  A bush (Lair:2)
  9 fungi
  7 plants
27 creatures vanquished.

Grand Total: 345 creatures vanquished

Notes
Turn   | Place    | Note
-------+----------+-------------------------------------------
     0 | D:1      | TheGuigne the Hill Orc Fighter began the quest for the Orb.
     0 | D:1      | Reached XP level 1. HP: 19/19 MP: 1/1
    75 | D:1      | You fall through a shaft!
    81 | D:2      | Reached XP level 2. HP: 17/26 MP: 2/2
   289 | D:1      | Reached XP level 3. HP: 3/31 MP: 3/3
  1073 | D:2      | Reached skill level 5 in Axes
  1113 | D:2      | Found a hide-covered altar of Uskayaw.
  1133 | D:2      | Reached XP level 4. HP: 39/39 MP: 4/4
  1212 | D:2      | Found a snail-covered altar of Cheibriados.
  1215 | D:2      | Found a sparkling altar of Nemelex Xobeh.
  1219 | D:2      | Became a worshipper of Nemelex Xobeh the Trickster
  1250 | D:2      | Received a gift from Nemelex Xobeh
  1882 | D:3      | Reached * piety under Nemelex Xobeh
  1882 | D:3      | Noticed Sigmund
  1889 | D:3      | Killed Sigmund
  1889 | D:3      | Reached XP level 5. HP: 45/45 MP: 5/5
  1911 | D:3      | Noticed Grinder
  1911 | D:3      | Paralysed by Grinder for 6 turns
  1925 | D:3      | Killed Grinder
  1925 | D:3      | Reached XP level 6. HP: 47/51 MP: 6/6
  2451 | D:4      | Found a glowing drain.
  2455 | Sewer    | Entered a sewer
  2765 | Sewer    | Received a gift from Nemelex Xobeh
  3112 | D:4      | Reached XP level 7. HP: 31/57 MP: 7/7
  3314 | D:4      | Found a staircase to the Ecumenical Temple.
  3486 | D:4      | Reached ** piety under Nemelex Xobeh
  3670 | D:4      | Noticed bli's ghost (novice GrFi)
  3699 | D:4      | Killed bli's ghost
  3699 | D:4      | Reached skill level 10 in Axes
  3699 | D:4      | Reached skill level 1 in Invocations
  3971 | D:5      | Entered Level 5 of the Dungeon
  4004 | D:5      | Received a gift from Nemelex Xobeh
  4074 | D:5      | Reached XP level 8. HP: 58/64 MP: 7/9
  4084 | D:5      | Noticed Eustachio
  4122 | D:5      | Gained mutation: You are clumsy. (Dex -2) [mutagenic meat]
  4123 | D:5      | Gained mutation: You have sharp fingernails. [mutagenic meat]
  4124 | D:5      | Lost mutation: You are clumsy. (Dex -2) [mutagenic meat]
  4125 | D:5      | Gained mutation: Your body sometimes deteriorates upon taking damage. [mutagenic meat]
  4126 | D:5      | Gained mutation: You are somewhat resistant to further mutation. [mutagenic meat]
  4127 | D:5      | Lost mutation: You have sharp fingernails. [potion of mutation]
  4127 | D:5      | Lost mutation: Your body sometimes deteriorates upon taking damage. [potion of mutation]
  4127 | D:5      | Lost mutation: You are somewhat resistant to further mutation. [potion of mutation]
  4127 | D:5      | Gained mutation: You occasionally shout uncontrollably at your foes. [potion of mutation]
  4127 | D:5      | Gained mutation: You have a beak for a mouth. [potion of mutation]
  4144 | D:5      | Killed Eustachio
  4400 | D:5      | Found a shattered altar of Ashenzari.
  4897 | D:6      | Got an ancient falchion
  4966 | D:6      | Found an ancient bone altar of Kikubaaqudgha.
  4966 | D:6      | Received a gift from Nemelex Xobeh
  5019 | D:6      | Noticed Pikel
  5037 | D:6      | Killed Pikel
  5037 | D:6      | Reached skill level 4 in Fighting
  5037 | D:6      | Reached skill level 5 in Armour
  5037 | D:6      | Reached XP level 9. HP: 68/72 MP: 9/11
  5081 | D:6      | Found a blossoming altar of Fedhas.
  5786 | D:7      | Reached *** piety under Nemelex Xobeh
  5786 | D:7      | Received a gift from Nemelex Xobeh
  5873 | D:7      | Found a glowing silver altar of Zin.
  5932 | D:7      | Noticed Joseph
  5957 | D:7      | Killed Joseph
  6098 | D:7      | Identified the cursed +2 falchion "Uhowasuph" {drain, *Drain +Blink Str+9 Int-5} (You found it on level 6 of the Dungeon)
  6225 | D:7      | Received a gift from Nemelex Xobeh
  6636 | D:8      | Found a staircase to the Lair.
  6741 | Lair:1   | Entered Level 1 of the Lair of Beasts
  6759 | Lair:1   | Reached skill level 5 in Evocations
  6759 | Lair:1   | Reached XP level 10. HP: 80/80 MP: 13/13
  7142 | Lair:1   | Reached skill level 10 in Armour
  7267 | Lair:1   | Reached **** piety under Nemelex Xobeh
  7691 | Lair:2   | Received a gift from Nemelex Xobeh
  7696 | Lair:2   | Noticed a spiny frog
  7717 | Lair:1   | Killed a spiny frog
  8234 | Lair:1   | Reached skill level 5 in Fighting
  8468 | Lair:2   | Noticed a spiny frog
  8471 | Lair:2   | Noticed a spiny frog
  8622 | Lair:1   | Reached skill level 6 in Fighting
  8782 | Lair:1   | Killed a spiny frog
  8782 | Lair:1   | Reached XP level 11. HP: 21/91 MP: 16/16
  9113 | Lair:1   | Reached skill level 7 in Fighting
  9667 | Lair:2   | Reached skill level 8 in Fighting
 10003 | Lair:2   | Reached skill level 9 in Fighting
 10414 | Lair:2   | Noticed an eight-headed hydra
 10415 | Lair:2   | Noticed a queen ant
 10415 | Lair:2   | an eight-headed hydra changed into a queen ant
 10435 | Lair:2   | Killed a queen ant
 10438 | Lair:2   | Noticed an oklob plant
 10438 | Lair:2   | Noticed an oklob plant
 10616 | Lair:2   | Received a gift from Nemelex Xobeh
 10663 | Lair:2   | Found a hole to the Spider Nest.
 10733 | Lair:2   | Reached skill level 10 in Fighting
 10913 | Lair:2   | Received a gift from Nemelex Xobeh
 11345 | Lair:2   | Noticed an oklob plant
 11346 | Lair:2   | Noticed an oklob plant
 11355 | Lair:2   | Killed an oklob plant
 11355 | Lair:2   | Killed an oklob plant
 11357 | Lair:2   | Killed an oklob plant
 11357 | Lair:2   | Killed an oklob plant
 11357 | Lair:2   | Reached skill level 5 in Invocations
 11382 | Lair:2   | Reached XP level 12. HP: 32/108 MP: 18/18
 11791 | Lair:3   | Reached skill level 11 in Fighting
 11791 | Lair:3   | Reached skill level 5 in Shields
 12185 | Lair:2   | Noticed a six-headed hydra
 12202 | Lair:2   | Killed a six-headed hydra
 12720 | Lair:3   | Noticed a queen ant
 12755 | Lair:3   | Killed a queen ant
 12755 | Lair:3   | Reached skill level 12 in Fighting
 13228 | Lair:3   | Noticed a seven-headed hydra
 13249 | Lair:3   | Killed a seven-headed hydra
 13756 | Lair:3   | Reached ***** piety under Nemelex Xobeh
 13884 | Lair:3   | Received a gift from Nemelex Xobeh
 14993 | Lair:4   | Found a staircase to the Swamp.
 15001 | Lair:4   | Received a gift from Nemelex Xobeh
 15020 | Lair:4   | Reached XP level 13. HP: 93/119 MP: 19/19
 15048 | Lair:4   | Noticed Urug
 15056 | Lair:4   | Killed Urug
 15056 | Lair:4   | Reached skill level 13 in Fighting
 15163 | Lair:4   | Reached skill level 1 in Dodging
 16171 | Lair:4   | Received a gift from Nemelex Xobeh
 17451 | Lair:5   | Noticed Josephine
 17465 | Lair:5   | Killed Josephine
 17477 | Lair:5   | Slain by a six-headed hydra

Skill      XL: |  1  2  3  4  5  6  7  8  9 10 11 12 13 |
---------------+----------------------------------------+-----
Axes           | 3 4 5 7 8 9 11 12 | 12.7
Invocations    | 1 5 7 8 |  8.8
Fighting       | 4 6 10 12 13 | 13.3
Armour         | 5 8 11 | 11.3
Evocations     | 3 5 7 8 |  8.7
Shields        | 4 8 |  8.9
Dodging        | 2 |  2.2

Action                   |  1- 3 |  4- 6 |  7- 9 | 10-12 | 13-15 || total
-------------------------+-------+-------+-------+-------+-------++-------
Melee: War axe           |    95 |   176 |   312 |   654 |   155 ||  1392
       Peck              |       |       |    40 |   144 |    42 ||   226
       Whip              |       |       |       |    35 |    10 ||    45
 Abil: Evoke Berserk Rag |       |       |       |       |     1 ||     1
Evoke: Deck              |       |     1 |     8 |    26 |     7 ||    42
       Wand              |       |       |       |     6 |     3 ||     9
       Lightning rod     |       |       |       |     4 |     2 ||     6
  Use: Scroll            |       |     5 |     3 |     1 |     3 ||    12
       Potion            |       |       |     3 |     2 |     1 ||     6
 Stab: Distracted        |       |       |       |     1 |       ||     1
  Eat: Chunk             |     1 |     6 |    17 |    25 |     4 ||    53
       Fruit             |       |       |       |     2 |       ||     2
       Bread ration      |       |       |       |       |     1 ||     1
Armor: Scale mail        |    64 |    64 |    41 |     6 |    47 ||   222
       Plate armour      |       |       |    54 |   295 |       ||   349
Dodge: Dodged            |    45 |    48 |    83 |   245 |    80 ||   501
Block: Shield            |    49 |    76 |   119 |   341 |    79 ||   664
